 Dungeon Crawl Stone Soup version 0.21.1-1-g345015fe64 (webtiles) character file.

178034 ImError the Tortoise (level 18, -6/124 HPs)
             Began as a Gargoyle Monk on June 3, 2018.
             Was the Champion of the Shining One.
             Killed by divine providence
             ... invoked by a meliai
              (11 damage)
             ... on level 4 of the Spider Nest on June 8, 2018.
             The game lasted 03:46:50 (37353 turns).

ImError the Tortoise (Gargoyle Monk)               Turns: 37353, Time: 03:46:50

Health: -6/124     AC: 34    Str: 19    XL:     18   Next: 18%
Magic:  24/30      EV: 12    Int: 13    God:    the Shining One [******]
Gold:   2765       SH:  0    Dex: 18    Spells: 17/17 levels left

rFire    + . .     SeeInvis .   K - +2 dire flail (flame)
rCold    . . .     Gourm    .   (shield currently unavailable)
rNeg     + + +     Faith    .   v - +4 scale mail
rPois    ∞         Spirit   .   Q - +1 helmet
rElec    +         Reflect  .   I - +2 cloak
rCorr    .         Harm     .   W - +0 pair of gloves
MR       +....                  N - +0 pair of boots {run}
Stlth    +.........             k - amulet of regeneration
HPRegen  0.00/turn              h - +6 ring of dexterity
MPRegen  0.22/turn              m - ring of Kyhida {rF+ Dex-2 Slay+6 Stlth+}

@: corroded, flying, very slightly contaminated, hasted, glowing, very quick
A: big wings, negative energy resistance 1, electricity resistance, inhibited
regeneration, unbreathing, petrification resistance, rot immunity, AC +13
a: Stop Flying, Divine Shield, Cleansing Flame, Summon Divine Warrior, Brand
Weapon With Holy Wrath, Renounce Religion


You were on level 4 of the Spider Nest.
You worshipped the Shining One.
The Shining One was exalted by your worship.
You were not hungry.

You visited 5 branches of the dungeon, and saw 28 of its levels.
You also visited: Volcano.

You collected 3356 gold pieces.
You spent 591 gold pieces at shops.

Inventory:

Hand Weapons
 s - a +3 dire flail
 K - a +2 dire flail of flaming (weapon)
Missiles
 l - 857 stones (quivered)
Armour
 d - a +2 shield
 v - a +4 scale mail (worn)
 I - a +2 cloak (worn)
 J - a +3 plate armour of poison resistance
 N - a +0 pair of boots of running (worn)
 Q - a +1 helmet (worn)
 W - a +0 pair of gloves (worn)
 Z - the +0 ring mail of Ru's Favour {rPois rC++ Int-5 Dex+2}
   (You found it on level 1 of the Lair of Beasts)

   It affects your intelligence (-5).
   It affects your dexterity (+2).
   It greatly protects you from cold.
   It protects you from poison.
Jewellery
 e - an uncursed amulet of guardian spirit
 h - a +6 ring of dexterity (left hand)
 k - an amulet of regeneration (around neck)
 m - the ring of Kyhida (right hand) {rF+ Dex-2 Slay+6 Stlth+}
   (You bought it in a shop on level 2 of the Orcish Mines)

   [ring of dexterity]

   It affects your dexterity (-2).
   It affects your accuracy and damage with ranged weapons and melee attacks
   (+6).
   It protects you from fire.
   It makes you more stealthy.
 o - a +4 ring of strength
 C - an uncursed ring of protection from magic
 M - an uncursed ring of protection from cold
 O - a +4 ring of dexterity
 Y - an uncursed ring of see invisible
Wands
 n - a wand of polymorph (15)
 q - a wand of disintegration (23)
 G - a wand of digging (10)
 R - a wand of enslavement (26)
 S - a wand of flame (79)
Scrolls
 a - 16 scrolls of remove curse
 b - 4 scrolls of enchant weapon
 f - 4 scrolls of blinking
 g - 6 scrolls of immolation
 j - 12 scrolls of teleportation
 p - 3 scrolls of amnesia
 t - 6 scrolls of magic mapping
 u - 2 scrolls of brand weapon
 A - 3 scrolls of identify
 D - 4 scrolls of enchant armour
 E - a scroll of fear
 H - 3 scrolls of acquirement
 U - 3 scrolls of fog
 V - a scroll of holy word
 X - 2 scrolls of summoning
Potions
 i - 2 potions of haste
 r - 3 potions of cancellation
 w - 2 potions of curing
 x - 4 potions of magic
 y - a potion of lignification
 z - 9 potions of ambrosia
 B - 5 potions of resistance
 F - 2 potions of might
Comestibles
 c - 37 rations
 P - 2 chunks of flesh


   Skills:
 + Level 17.2 Fighting
 + Level 16.3 Maces & Flails
 - Level 0.5 Throwing
 + Level 17.3 Armour
 - Level 3.3 Dodging
 - Level 2.1 Stealth
 + Level 16.0 Invocations


You had 17 spell levels left.
You didn't know any spells.

Dungeon Overview and Level Annotations

Branches:
Dungeon (15/15)            Temple (1/1) D:6            Lair (6/6) D:9
 Shoals (0/4) Lair:2       Spider (4/4) Lair:4        Slime (0/5) Lair:6
    Orc (2/2) D:10            Elf (0/3) Orc:2        Vaults (0/5) D:13
 Depths (0/5) D:15

Altars:
Ashenzari
Cheibriados
Dithmenos
Elyvilon
Fedhas
Gozag
Hepliaklqana
Kikubaaqudgha
Makhleb
Nemelex Xobeh
Okawaru
Qazlal
Ru
Sif Muna
Trog
Uskayaw
Vehumet
Wu Jian
Xom
Yredelemnul
Zin
The Shining One
Beogh
Jiyva

Shops:
D:10 !   D:15 *   Orc:1 %   Orc:2 (}(*=

Annotations:
D:6 1 runed door
Lair:1 exclusion: 2 oklob plants


Innate Abilities, Weirdness & Mutations

You are resistant to torment.
Your stone body is resilient. (AC +13)
You are immune to poison.
Your large and strong wings let you fly indefinitely.
You resist negative energy. (rN+)
You are resistant to electric shocks. (rElec)
You can survive without breathing.
You are immune to petrification.
You are immune to rotting.
You do not regenerate when monsters are visible.


Message History

You feel better. The meliai hits you with a war axe.
* * * LOW HITPOINT WARNING * * *
The meliai misses you. The meliai hits you with a war axe.
* * * LOW HITPOINT WARNING * * *
The meliai stings you but does no damage.
Your daeva blocks something's attack.
The meliai hits your daeva with a hand axe!
Your daeva blocks the meliai's attack.
The redback bites you but does no damage.
Blink to where?
Press: ? - help, Dir - move target cursor You are very lightly contaminated with residual magic.
As you read the scroll of blinking, it crumbles to dust.
The meliai mumbles some strange prayers to its god against you.
Something smites you!
* * * LOW HITPOINT WARNING * * *
The meliai is caught in a web!
The meliai invokes the aid of its god against you.
Something smites you!
You die...

.....##...#^.#....#.##
###...#.#....#.#.####
..##....^#........#
...##.^#...#^.#^.##
....##....###...##
≈...^##.#....#.^##
#≈^...#.#.....#..#
##≈.....#.#^###^.##
##≈.......^#.#^#@^#
#≈^...#^...#.....###
≈....##..#.#..#....#
....##.....#....#.##
...##.....#...#^###
..##..###^...#.##
###......^..^.^#
......#..#yy.#.##
....##......#^.^#


You could see 2 meliai.

Vanquished Creatures
  Arachne (Spider:3)
  Asterion (Spider:1)
  Gastronok (D:11)
  Kirke (D:15)
  2 azure jellies (Lair:6)
  6 orc warlords
  Aizul (Spider:4)
  3 ghost moths
  4 emperor scorpions (Spider:4)
  An entropy weaver (Spider:2)
  Nessos (D:12)
  Azrael (Orc:1)
  Snorg (D:10)
  Josephine (D:13)
  Erolcha (Orc:2)
  4 vault guards
  5 catoblepae
  3 centaur warriors
  8 hydras
  7 two-headed ogres
  Erica (D:10)
  A deep troll shaman (Lair:6)
  A death yak (shapeshifter) (D:15)
  25 death yaks
  2 tengu warriors (D:12)
  5 orc high priests
  Nergalle (D:12)
  2 skeletal warriors (Volcano)
  Sonja (Lair:4)
  3 unseen horrors
  A glowing orange brain (D:15)
  A lindwurm (Lair:6)
  Pikel (D:8)
  An anaconda skeleton (Volcano)
  4 ugly things
  3 orc knights (Orc:2)
  15 orb spiders
  32 wolf spiders
  2 cyclopes (D:13)
  A deep elf mage (D:12)
  4 manticores
  3 orc sorcerers
  Maurice (D:9)
  10 elephants
  5 gargoyles
  11 spiny frogs
  10 demonic crawlers
  3 kobold demonologists
  2 komodo dragons
  A queen bee (shapeshifter) (D:12)
  10 trolls
  30 jumping spiders
  5 polar bears
  Prince Ribbit (D:5)
  6 meliai
  8 hornets
  A wind drake (shapeshifter) (D:15)
  11 slime creatures
  2 harpy skeletons (Volcano)
  8 blink frogs
  6 hippogriffs
  A snapping turtle (Lair:2)
  A flying skull (Volcano)
  Sigmund (D:6)
  32 tarantellas
  6 wyverns
  2 vampires
  A spriggan (shapeshifter) (D:15)
  2 shadows
  54 redbacks
  50 yaks
  5 wraiths (D:13)
  Eustachio (D:5)
  A fire elemental (Orc:1)
  4 hogs (D:15)
  2 basilisks
  Edmund (D:5)
  3 hungry ghosts
  4 vampire mosquitoes (D:15)
  The ghost of Cookie the Firebug, an amateur DsFE (D:3)
  7 soldier ants
  11 wargs
  10 water moccasins
  3 acid dragons
  A floating eye (shapeshifter) (D:15)
  5 hell hounds
  11 porcupines
  33 orc warriors
  6 ice beasts
  An eye of draining (shapeshifter) (D:13)
  2 sky beasts
  A phantom (D:10)
  3 black bears
  15 ogres
  15 crocodiles
  11 centaurs
  5 wolves (Lair:6)
  7 big kobolds
  22 bullfrogs
  A gnoll sergeant (D:7)
  A wyvern zombie (D:14)
  A water moccasin skeleton (D:4)
  7 scorpions
  35 killer bees
  A troll skeleton (Volcano)
  A howler monkey (D:8)
  12 wights
  4 electric eels
  A spriggan skeleton (Volcano)
  5 crimson imps
  7 centaur zombies
  4 hounds
  A quasit (D:12)
  3 bullfrog skeletons
  6 jellies
  2 bullfrog zombies
  40 orc priests
  23 orc wizards
  6 centaur skeletons
  3 iguanas
  10 worker ants
  A killer bee zombie (D:7)
  4 hound skeletons
  3 worker ant zombies
  5 gnolls (D:7)
  16 adders
  3 shadow imps
  An adder zombie (D:8)
  An ooze (D:1)
  An adder skeleton (D:7)
  5 worms
  6 dart slugs
  4 leopard geckos
  130 orcs
  2 giant cockroaches
  2 goblins
  5 hobgoblins
  10 jackals
  8 kobolds
  7 quokkas
  8 bats
  4 frilled lizards
  11 rats
  A plant (Lair:5)
1047 creatures vanquished.

Vanquished Creatures (others)
  A jumping spider (Spider:1)
  2 redbacks (Spider:1)
  2 flying skulls (Volcano)
  An orc warrior (Orc:2)
  A killer bee (D:8)
  An orc priest (Orc:2)
  2 orc wizards (Orc:2)
  A leopard gecko (D:11)
  15 fungi
  9 plants
35 creatures vanquished.

Grand Total: 1082 creatures vanquished

Notes
Turn   | Place    | Note
-------+----------+-------------------------------------------
     0 | D:1      | ImError the Gargoyle Monk began the quest for the Orb.
     0 | D:1      | Reached XP level 1. HP: 14/14 MP: 1/1
    23 | D:1      | Reached XP level 2. HP: 9/19 MP: 2/2
   551 | D:1      | Reached XP level 3. HP: 20/24 MP: 3/3
  1519 | D:2      | Reached XP level 4. HP: 23/29 MP: 4/4
  1900 | D:2      | Reached XP level 5. HP: 33/33 MP: 5/5
  2048 | D:3      | Reached skill level 5 in Maces & Flails
  2072 | D:3      | Noticed Cookie's ghost (amateur DsFE)
  2500 | D:3      | Killed Cookie's ghost
  2500 | D:3      | Reached skill level 1 in Armour
  2500 | D:3      | Reached XP level 6. HP: 32/38 MP: 6/6
  2938 | D:4      | Found a sacrificial altar of Ru.
  2989 | D:4      | Found an iron altar of Okawaru.
  2997 | D:4      | Got a shimmering spear
  2998 | D:4      | Identified the +6 spear "Dengesm" {freeze, *Contam rPois Dex+7} (You found it on level 4 of the Dungeon)
  3009 | D:4      | Gained mutation: You do not regenerate when monsters are visible. [mutagenic glow]
  3025 | D:4      | Found a white marble altar of Elyvilon.
  3025 | D:4      | Found a shadowy altar of Dithmenos.
  3053 | D:4      | Reached XP level 7. HP: 44/44 MP: 7/7
  3548 | D:5      | Entered Level 5 of the Dungeon
  3548 | D:5      | Noticed Edmund
  3596 | D:5      | Killed Edmund
  3596 | D:5      | Reached skill level 5 in Fighting
  3677 | D:5      | Found a hide-covered altar of Uskayaw.
  3823 | D:5      | Noticed Prince Ribbit
  3842 | D:5      | Killed Prince Ribbit
  3842 | D:5      | Reached skill level 5 in Armour
  3842 | D:5      | Reached XP level 8. HP: 28/50 MP: 8/8
  4019 | D:5      | Noticed a moth of wrath
  4022 | D:5      | Found a bloodstained altar of Trog.
  4065 | D:5      | Noticed Eustachio
  4098 | D:5      | Killed Eustachio
  5443 | D:6      | Noticed Sigmund
  5451 | D:6      | Killed Sigmund
  5517 | D:6      | Found a staircase to the Ecumenical Temple.
  5524 | Temple   | Entered the Ecumenical Temple
  5633 | Temple   | Became a worshipper of the Shining One
  5633 | Temple   | Reached * piety under the Shining One
  5633 | Temple   | Reached ** piety under the Shining One
  5750 | D:6      | Reached XP level 9. HP: 56/56 MP: 9/9
  5843 | D:6      | Reached skill level 1 in Invocations
  5972 | D:6      | Found the +9 staff of Olgreb {rPois}
  5987 | D:6      | Found a runed door.
  5992 | D:6      | Found a runed gate.
  5993 | D:6      | Found a runed door.
  6005 | D:6      | Found a runed gate.
  6005 | D:6      | Found a runed gate.
  6625 | D:6      | Reached skill level 5 in Invocations
  6825 | D:7      | Reached XP level 10. HP: 44/63 MP: 12/14
  7361 | D:7      | Found a shadowy altar of Dithmenos.
  7596 | D:8      | Reached *** piety under the Shining One
  7624 | D:8      | Noticed Pikel
  7641 | D:8      | Killed Pikel
  7972 | D:8      | Found a hazy altar of Hepliaklqana.
  8412 | D:9      | Found a staircase to the Lair.
  8497 | D:9      | Found a sparkling altar of Nemelex Xobeh.
  8581 | D:9      | Noticed Maurice
  8597 | D:9      | Killed Maurice
  8823 | D:9      | Reached XP level 11. HP: 57/69 MP: 17/17
  8914 | D:9      | Found a shimmering altar of Xom.
  8936 | D:9      | Found a shimmering altar of Xom.
  9343 | D:10     | Entered Level 10 of the Dungeon
  9354 | D:10     | Noticed a two-headed ogre
  9368 | D:10     | Killed a two-headed ogre
  9369 | D:10     | Noticed a two-headed ogre
  9379 | D:10     | Killed a two-headed ogre
  9484 | D:10     | Reached **** piety under the Shining One
  9676 | D:10     | Noticed Erica
  9688 | D:10     | Killed Erica
  9793 | D:10     | Identified the Collected Works on Ice
  9796 | D:10     | Found Plog's Distillery.
  9804 | D:10     | Bought a potion of heal wounds for 55 gold pieces
  9924 | D:10     | Found a staircase to the Orcish Mines.
 10190 | D:10     | Reached skill level 10 in Armour
 10687 | D:11     | Noticed Gastronok
 10687 | D:11     | Noticed a manticore
 10776 | D:11     | Noticed Snorg
 10826 | Lair:1   | Entered Level 1 of the Lair of Beasts
 10839 | Lair:1   | Reached skill level 10 in Invocations
 10922 | Lair:1   | Got a faintly humming ring mail
 10923 | Lair:1   | Identified 2 scrolls of acquirement
 11081 | Lair:1   | Reached skill level 10 in Maces & Flails
 11089 | Lair:1   | Reached skill level 10 in Fighting
 11246 | Lair:1   | Reached XP level 12. HP: 77/77 MP: 19/19
 11661 | Lair:2   | Noticed a four-headed hydra
 11667 | Lair:2   | Killed a four-headed hydra
 12148 | Lair:2   | Found a staircase to the Shoals.
 12648 | Lair:3   | Noticed a death yak
 12656 | Lair:3   | Noticed a death yak
 12657 | Lair:3   | Noticed a death yak
 12668 | Lair:2   | Killed a death yak
 12670 | Lair:3   | Noticed a death yak
 12686 | Lair:2   | Killed a death yak
 13091 | Lair:2   | Killed a death yak
 13096 | Lair:2   | Killed a death yak
 13189 | Lair:3   | Identified the cursed +0 ring mail of Ru's Favour {rPois rC++ Int-5 Dex+2} (You found it on level 1 of the Lair of Beasts)
 13992 | Lair:4   | Reached ***** piety under the Shining One
 14000 | Lair:4   | Reached XP level 13. HP: 80/85 MP: 20/20
 14487 | Lair:4   | Noticed Sonja
 14507 | Lair:4   | Killed Sonja
 14636 | Lair:4   | Found a hole to the Spider Nest.
 15181 | Lair:5   | Found a dark tunnel.
 15204 | Volcano  | Entered a volcano
 15299 | Volcano  | The Shining One protects you from harm!
 15513 | Volcano  | Identified a +0 pair of boots of running (You found it in a volcano)
 16782 | Lair:6   | Entered Level 6 of the Lair of Beasts
 17301 | Lair:4   | Gained mutation: Your large and strong wings let you fly indefinitely. [Gargoyle growth]
 17301 | Lair:4   | Reached XP level 14. HP: 32/94 MP: 22/22
 17509 | Lair:6   | Found a runed door.
 17509 | Lair:6   | Found a viscous altar of Jiyva.
 17509 | Lair:6   | Noticed an azure jelly
 17511 | Lair:6   | Found a staircase to the Slime Pits.
 17511 | Lair:6   | Noticed an azure jelly
 19872 | Lair:6   | Killed an azure jelly
 19878 | Lair:6   | Killed an azure jelly
 20074 | D:10     | Killed Snorg
 20618 | D:11     | Reached XP level 15. HP: 60/100 MP: 24/24
 21120 | D:11     | Killed Gastronok
 22223 | D:12     | Identified the Handbook of Necromancy and Summoning
 22402 | D:12     | Noticed Nergalle
 22720 | D:12     | Killed Nergalle
 22880 | D:12     | Noticed Nessos
 22912 | D:12     | Killed Nessos
 23472 | Orc:1    | Entered Level 1 of the Orcish Mines
 23579 | Orc:2    | Entered Level 2 of the Orcish Mines
 23629 | Orc:2    | Noticed Erolcha
 23659 | Orc:2    | Killed Erolcha
 24051 | Orc:1    | Reached skill level 15 in Armour
 24650 | Orc:2    | Noticed an orc warlord
 24701 | Orc:2    | Killed an orc warlord
 24728 | Orc:2    | Reached ****** piety under the Shining One
 25180 | Orc:2    | Noticed an orc warlord
 25209 | Orc:2    | Killed an orc warlord
 25303 | Orc:2    | Reached skill level 15 in Fighting
 25691 | Orc:2    | Found Egoteb's Jewellery Emporium.
 25691 | Orc:2    | Found Fush's General Store.
 25736 | Orc:2    | Noticed an orc warlord
 25742 | Orc:2    | Paralysed by an orc sorcerer for 7 turns
 25821 | Orc:2    | Paralysed by an orc sorcerer for 7 turns
 25834 | Orc:2    | HP: 2/103 [sun demon[an orc warlord] (10)]
 26260 | Orc:1    | Killed an orc warlord
 26734 | Orc:2    | Noticed an orc warlord
 26742 | Orc:2    | Killed an orc warlord
 26742 | Orc:2    | Reached XP level 16. HP: 97/108 MP: 24/26
 26750 | Orc:2    | Found a roughly hewn altar of Beogh.
 26811 | Orc:2    | Found Akhy's Gadget Boutique.
 26811 | Orc:2    | Found Agrob's Antique Weapon Emporium.
 26923 | Orc:2    | Found Noet's Weapon Shop.
 26988 | Orc:2    | Noticed Azrael
 27349 | Orc:1    | Killed Azrael
 27774 | Orc:2    | Found a staircase to the Elven Halls.
 27868 | Orc:2    | Identified Sif Muna's Papyrus of Gliding Dislocation
 28489 | Orc:1    | Found Addiule's Food Shop.
 28795 | Orc:2    | Bought the cursed ring of Kyhida {rF+ Dex-2 Slay+6 Stlth+} for 500 gold pieces
 28923 | D:13     | Found a gate to the Vaults.
 29491 | D:13     | Noticed Josephine
 29502 | D:13     | Killed Josephine
 30704 | D:15     | Entered Level 15 of the Dungeon
 30716 | D:15     | Reached skill level 15 in Maces & Flails
 31281 | D:15     | Found Qeetaf's General Store.
 31314 | D:15     | Bought a scroll of remove curse for 36 gold pieces
 31343 | D:15     | Identified Zol Zuc's Compendium of Ice
 31850 | D:15     | Found a staircase to the Depths.
 31860 | D:15     | Noticed an azure jelly
 31860 | D:15     | a minotaur changed into an azure jelly
 31864 | D:15     | an azure jelly changed into a death yak
 32019 | D:15     | Noticed Kirke
 32033 | D:15     | Killed Kirke
 32317 | Spider:1 | Entered Level 1 of the Spider Nest
 32520 | Spider:1 | HP: 4/110 [tarantella (9)]
 32883 | Spider:1 | Reached XP level 17. HP: 67/115 MP: 28/28
 33473 | Spider:2 | Noticed Asterion
 33538 | Spider:1 | Noticed an Executioner
 33541 | Spider:1 | Killed Asterion
 33597 | Spider:2 | Reached skill level 15 in Invocations
 36071 | Spider:4 | Entered Level 4 of the Spider Nest
 36275 | Spider:4 | Noticed Aizul
 36377 | Spider:4 | Killed Aizul
 36422 | Spider:4 | Noticed Arachne
 36716 | Spider:3 | Killed Arachne
 36932 | Spider:4 | Reached XP level 18. HP: 76/123 MP: 29/29
 37347 | Spider:4 | HP: 3/124 [meliai/war axe (4)]
 37353 | Spider:4 | Killed from afar by a meliai

Skill      XL: |  1  2  3  4  5  6  7  8  9 10 11 12 13 14 15 16 17 18 |
---------------+-------------------------------------------------------+-----
Maces & Flails | 4 5 6 7 8 9 10 11 12 13 14 15 16 | 16.3
Dodging        | 3 |  3.3
Fighting       | 4 5 6 7 8 10 11 13 14 15 16 17 | 17.2
Armour         | 1 2 5 7 8 9 10 12 13 14 15 16 17 | 17.3
Invocations    | 5 8 10 11 12 13 14 15 16 | 16.0
Throwing       | |  0.5
Stealth        | |  2.1

Action                   |  1- 3 |  4- 6 |  7- 9 | 10-12 | 13-15 | 16-18 || total
-------------------------+-------+-------+-------+-------+-------+-------++-------
Melee: Mace              |   113 |   228 |    79 |       |       |       ||   420
       Flail             |       |       |   106 |       |       |       ||   106
       Dire flail        |       |       |   140 |   837 |  1451 |  1318 ||  3746
Throw: Javelin           |     1 |       |       |       |       |       ||     1
       Stone             |       |       |       |       |       |     1 ||     1
Invok: Divine Shield     |       |       |       |     2 |    10 |     3 ||    15
       Cleansing Flame   |       |       |       |       |     7 |     2 ||     9
       Summon Divine War |       |       |       |       |       |     3 ||     3
 Abil: Fly               |       |       |       |       |     2 |       ||     2
       Stop Flying       |       |       |       |       |     1 |       ||     1
Evoke: Wand              |       |       |       |     2 |     3 |       ||     5
  Use: Scroll            |       |     4 |     7 |    11 |     6 |     8 ||    36
       Potion            |       |     1 |     1 |     2 |     5 |     7 ||    16
 Stab: Sleeping          |     1 |       |       |       |       |       ||     1
  Eat: Chunk             |     2 |     5 |     9 |    24 |    36 |    26 ||   102
       Ration            |       |       |     1 |       |     2 |     2 ||     5
Armor: Robe              |    34 |       |       |       |       |       ||    34
       Scale mail        |     5 |   145 |   160 |   386 |       |   825 ||  1521
       Ring mail         |       |       |       |    12 |   693 |       ||   705
       Skin              |       |       |       |       |    10 |       ||    10
       Plate armour      |       |       |       |       |    38 |   276 ||   314
Dodge: Dodged            |    87 |   133 |   151 |   404 |   756 |   713 ||  2244
Block: Other             |       |       |       |     8 |    69 |    16 ||    93
